Cogmind - Beta 12 @@@ ROGUE MODE // 2023.04.27 @ 23:13:06 Player: Exp. Geonium Core Result: Self-destructed Performance ------------- Evolutions (2) 1000 Regions Visited (7) 1400 Robots Destroyed (88) 440 Value Destroyed (1999) 1999 Prototype IDs (29) 580 Alien Tech Used (0) 0 Bonus (205) 205 TOTAL SCORE: 5624 Bonus ------- High Alert Combat Kills 34 Follower Combat Kills 52 Aligned with FarCom 300 Friendly Fire -181 Cogmind --------- Core Integrity 253/550 Matter 241/300 Energy 100/100 System Corruption 5% Temperature Cool (0) Movement Flying (32) Location -8/Materials Parts ------- > --- POWER (1) -------- (None) > --- PROPULSION (2) --- Improved VTOL Module Improved VTOL Module > --- UTILITY (6) ------ Small Storage Unit Advanced Targeting Computer Advanced Targeting Computer Improved Propulsion Shielding System Shield > --- WEAPON (2) ------- Flail > --- INVENTORY (8) ---- Light Nuclear Core Aerolev Unit Improved VTOL Module Cloak of Protection PSU Rigger Mini Grenade Launcher Improved Datajack Peak State ------------ > --- POWER ------------ Light Nuclear Core > --- PROPULSION ------- Improved VTOL Module Improved VTOL Module > --- UTILITY ---------- Large Storage Unit Advanced Targeting Computer Advanced Targeting Computer Reaction Control System System Shield > --- WEAPON ----------- Heavy Assault Rifle Gauss Rifle > --- INVENTORY -------- Improved VTOL Module Cloak of Protection Improved Propulsion Shielding PSU Rigger AWS/Autocannon Mini Grenade Launcher Datajack Improved Datajack Plasma Cutter Flail [Rating: 36] Favorites ----------- Power Light Ion Engine Engine Light Ion Engine Power Core Light Nuclear Core Propulsion Light Treads Treads Light Treads Leg Aluminum Leg Hover Unit Aerolev Unit Flight Unit Improved VTOL Module Utility Large Storage Unit Device Heat Sink Storage Large Storage Unit Processor Advanced Targeting Computer Hackware System Shield Protection Medium Armor Plating Weapon Grenade Launcher Energy Gun Medium Laser Ballistic Gun Heavy Assault Rifle Launcher Grenade Launcher Special Weapon Plasma Cutter Impact Weapon Flail Special Melee Weapon Improved Datajack Build | -11 -10 -10 -9 -9 -9 -8 -8 ------- Run | Jun Mat Min Mat Min Exi Min Mat Slots Evolved 4 | . . . 2 . . . 2 Power . | . . . . . . . . Propulsion . | . . . . . . . . Utility 4 | . . . 2 . . . 2 Weapon . | . . . . . . . . Parts Attached 67 | . 3 1 24 2 3 1 33 Power 7 | . . . 3 . 1 . 3 Engine 4 | . . . 3 . 1 . . Core 3 | . . . . . . . 3 Reactor . | . . . . . . . . Propulsion 19 | . 2 . 8 . 1 . 8 Treads 14 | . 2 . 8 . 1 . 3 Leg . | . . . . . . . . Wheel . | . . . . . . . . Hover 1 | . . . . . . . 1 Flight 4 | . . . . . . . 4 Utility 17 | . 1 . 7 . 1 1 7 Device 4 | . . . 2 . . 1 1 Storage 3 | . 1 . 1 . . . 1 Processor 4 | . . . 2 . . . 2 Hackware 1 | . . . . . . . 1 Protection 5 | . . . 2 . 1 . 2 Artifact . | . . . . . . . . Weapon 24 | . . 1 6 2 . . 15 Energy Gun 1 | . . . . . . . 1 Energy Cannon . | . . . . . . . . Ballistic Gun 13 | . . 1 6 . . . 6 Ballistic Cannon . | . . . . . . . . Launcher 5 | . . . . 2 . . 3 Special Weapon 1 | . . . . . . . 1 Impact Weapon 3 | . . . . . . . 3 Slashing Weapon . | . . . . . . . . Piercing Weapon . | . . . . . . . . Special Melee Weapon 1 | . . . . . . . 1 Unidentified Prototypes 4 | . . . . . . . 4 Parts Lost 16 | . . . 6 3 . 1 6 Power 3 | . . . 2 1 . . . Propulsion 2 | . . . . . . . 2 Utility 7 | . . . 1 2 . . 4 Weapon 4 | . . . 3 . . 1 . Highest Loss Streak 4 | . . . 2 2 . 1 4 To Critical Strikes 2 | . . . 1 1 . . . Average Slot Usage (%) 85 | . 84 85 88 69 77 85 90 Engine 6 | . 14 14 10 3 5 11 . Core 2 | . . . . . . . 7 Treads 19 | . 26 28 22 22 22 22 12 Flight 1 | . . . . . . . 5 Device 4 | . . . 13 . . 1 3 Storage 10 | . 14 14 11 11 11 11 8 Processor 9 | . . . 5 11 11 11 15 Hackware 2 | . . . . . . . 7 Protection 7 | . . . 4 . 5 11 14 Ballistic Gun 11 | . 14 25 21 . . . 10 Launcher 6 | . . . . 22 22 17 1 Naked Turns . | . . . . . . . . Heaviest Build 42 | 11 16 16 38 36 37 37 42 Greatest Support 49 | 20 40 40 46 40 40 49 49 Greatest Overweight (x) 2 | . . . . . . . 2 Average Overweight (x) . | . . . . . . . . Largest Inventory Capacity 15 | 8 10 10 15 15 15 15 15 Average Capacity 13 | 8 9 10 14 15 15 15 12 Most Carried 15 | 6 6 7 15 15 15 15 15 Average Carried 12 | 6 5 6 13 15 14 15 12 Final Capacity 15 | 8 10 10 15 15 15 15 8 Final Carried 15 | 6 6 7 15 15 15 15 7 Class Distribution -------------------- 59% | Mutant 34% | Scavenger-Mutant 6% | Sprinter Dominant Class ---------------- Mutant | -10/Materials Mutant | -10/Mines Scavenger-Mutant | -9/Materials Mutant | -9/Mines Mutant | -9/Exiles Mutant | -8/Mines Scavenger-Mutant | -8/Materials Resources | -11 -10 -10 -9 -9 -9 -8 -8 ----------- Run | Jun Mat Min Mat Min Exi Min Mat Matter Collected 1877 | 200 44 34 772 86 65 109 567 Remotely . | . . . . . . . . Salvage Created 2653 | . 208 83 1396 76 . 98 792 Parts 184 | . 8 12 103 6 . 5 50 Haulers Intercepted 7 | . 1 . 4 . . . 2 Recyclers Shooed 7 | . 1 . 5 . . . 1 Parts Field Recycled . | . . . . . . . . Retrieved Matter . | . . . . . . . . Parts Self-Destructed . | . . . . . . . . Prevented . | . . . . . . . . Kills | -11 -10 -10 -9 -9 -9 -8 -8 ------- Run | Jun Mat Min Mat Min Exi Min Mat Combat Hostiles Destroyed 85 | . 4 6 28 24 . 4 19 Guns 46 | . 4 6 28 . . . 8 Cannons 1 | . . . . . . . 1 AOE 38 | . . . . 24 . 4 10 Classes Destroyed 14 | . 4 . 6 1 . 3 . Worker 2 | . . . 2 . . . . Builder 4 | . . . 1 . . . 3 Tunneler 2 | . . . . . . 1 1 Hauler 7 | . 1 . 4 . . . 2 Recycler 3 | . 1 . 1 . . . 1 Mechanic 1 | . . . 1 . . . . Watcher 3 | . . . 3 . . . . Swarmer 31 | . 3 6 11 4 . . 7 Grunt 20 | . 1 . 8 . . 3 8 Brawler 1 | . . . 1 . . . . Duelist 1 | . . . . . . 1 . Sentry 11 | . . . 8 . . . 3 Hunter 2 | . . . . . . 1 1 Assembled 20 | . . . . 20 . . . Best Kill Streak 20 | . 5 3 6 20 . 4 5 Combat Bots Only 20 | . 2 3 4 20 . 4 5 Max Kills in Single Turn 9 | . 1 1 2 9 . 2 5 Gunslinging . | . . . . . . . . Exploded 9 | . . . . 9 . 1 4 Melee . | . . . . . . . . Uniques/NPCs Destroyed . | . . . . . . . . Combat | -11 -10 -10 -9 -9 -9 -8 -8 -------- Run | Jun Mat Min Mat Min Exi Min Mat Damage Taken 3389 | . 104 87 1521 296 . 110 1271 Core 647 | . 12 25 290 11 . 12 297 Absorbed by Shields . | . . . . . . . . Redirected to Shielding 18 | . . . . . . . 18 Core Remaining (%) 68 | 100 . 85 . . . 21 . Volleys Fired 207 | . 23 13 116 6 . 6 43 Largest 2 | . 2 2 2 2 . 2 2 Hottest 70 | . 70 70 46 63 . 63 51 Shots Fired 376 | . 45 25 212 10 . 10 74 Gun 346 | . 45 25 212 . . . 64 Cannon . | . . . . . . . . Launcher 27 | . . . . 10 . 10 7 Special 3 | . . . . . . . 3 Kinetic 317 | . 23 18 212 . . . 64 Thermal 32 | . 22 7 . . . . 3 Explosive 27 | . . . . 10 . 10 7 Electromagnetic . | . . . . . . . . Robot Hit Streak 32 | . 5 8 32 4 . 3 19 Robot Miss Streak 4 | . 2 1 4 1 . 1 2 Penetration Max . | . . . . . . . . Secondary Targets 7 | . 1 2 3 . . . 1 Max Gunslinging Chain 1 | . 1 1 1 . . . 1 Shots Hit Robots 273 | . 27 12 159 5 . 4 66 Core Hits 173 | . 11 8 65 37 . 12 40 Critical Kills . | . . . . . . . . Critical Parts Destroyed 1 | . . . 1 . . . . Critical Strikes 2 | . . 1 1 . . . . Burn 1 | . . 1 . . . . . Destroy 1 | . . . 1 . . . . Melee Attacks 23 | . . . . . . . 23 Impact 21 | . . . . . . . 21 Slashing . | . . . . . . . . Piercing . | . . . . . . . . Sneak Attacks 3 | . . . . . . . 3 Combat Hostiles . | . . . . . . . . Follow-up Attacks . | . . . . . . . . Damage Inflicted 6722 | . 269 125 2425 1775 . 390 1738 Guns 3597 | . 264 125 2398 . . . 810 Cannons . | . . . . . . . . Explosions 2890 | . . . . 1775 . 375 740 Melee 114 | . . . . . . . 114 Ramming 86 | . 5 . 27 . . 15 39 Kinetic 3398 | . 134 56 2398 . . . 810 Thermal 384 | . 130 69 . 150 . . 35 Explosive 2740 | . . . . 1625 . 375 740 Electromagnetic . | . . . . . . . . Impact 114 | . . . . . . . 114 Slashing . | . . . . . . . . Piercing . | . . . . . . . . Highest Corruption 5 | . . . . . . . 5 Average Corruption 1 | . . . . . . . 1 Corruption Purged . | . . . . . . . . Corruption Blocked . | . . . . . . . . Effects 25 | . . . . . . . 25 Message Errors 3 | . . . . . . . 3 Matter Fused 8 | . . . . . . . 8 Heat Flow Errors 1 | . . . . . . . 1 Energy Discharges 2 | . . . . . . . 2 Data Loss (minor) 7 | . . . . . . . 7 Data Loss (major) 3 | . . . . . . . 3 Weapon Failures 1 | . . . . . . . 1 Overload Shots . | . . . . . . . . Overflow Damage 174 | . . . . 89 . . 85 Projectiles . | . . . . . . . . Explosions 118 | . . . . 89 . . 29 Melee 56 | . . . . . . . 56 Knockbacks . | . . . . . . . . Impact . | . . . . . . . . Kinetic . | . . . . . . . . Secondary . | . . . . . . . . Self-Inflicted Damage 193 | . . . . 90 . 60 43 Shots 8 | . . . . 3 . 3 2 Rammed 10 | . 1 . 5 . . . 4 Targets Rammed 12 | . 1 . 5 . . 1 5 Kicked . | . . . . . . . . Crushed 2 | . . . . . . 1 1 Highest Temperature 182 | . 112 130 22 20 . 6 182 Average Temperature 42 | . 45 66 3 12 . 2 64 Received Heat Transfer 1030 | . 18 . 480 46 . . 486 Siege Activations . | . . . . . . . . Robots Corrupted . | . . . . . . . . Combat Hostiles . | . . . . . . . . Parts Fried . | . . . . . . . . Impact Corruptions 1 | . . . . . . . 1 Robots Melted . | . . . . . . . . Combat Hostiles . | . . . . . . . . Parts Melted . | . . . . . . . . Heat Transferred 990 | . 370 259 . 250 . . 111 Parts Sabotaged . | . . . . . . . . Parts Stolen . | . . . . . . . . Parts Stripped . | . . . . . . . . Power Chain Reactions . | . . . . . . . . Missiles Intercepted . | . . . . . . . . Alert | -11 -10 -10 -9 -9 -9 -8 -8 ------- Run | Jun Mat Min Mat Min Exi Min Mat Peak Influence 603 | . 149 197 538 347 . 210 603 Initial 209 | . . 57 . 209 . . 81 Average 162 | . 57 69 214 212 . 84 172 Maximum Alert Level 2 | . . . 2 1 . 1 2 Low Security (%) 57 | 100 100 100 35 30 . 60 64 Level 1 36 | . . . 51 69 . 39 27 Level 2 5 | . . . 12 . . . 7 Level 3 . | . . . . . . . . Level 4 . | . . . . . . . . Level 5 . | . . . . . . . . High Security . | . . . . . . . . Max Security . | . . . . . . . . Squads Dispatched 5 | . 1 . 2 . . . 2 Investigation . | . . . . . . . . Extermination . | . . . . . . . . Reinforcement 5 | . 1 . 2 . . . 2 Assault . | . . . . . . . . Garrison . | . . . . . . . . Intercept . | . . . . . . . . Searches Triggered . | . . . . . . . . Construction Impeded . | . . . . . . . . Haulers Reinforced . | . . . . . . . . Active Scanning Responses . | . . . . . . . . Cargo Convoy Interrupts . | . . . . . . . . Stealth | -11 -10 -10 -9 -9 -9 -8 -8 --------- Run | Jun Mat Min Mat Min Exi Min Mat Distress Signals 11 | . 2 . 4 . . . 5 Communications Jammed . | . . . . . . . . Distress Signals . | . . . . . . . . Times Spotted 131 | . 9 6 39 26 . 3 48 Peak Tracking Total 20 | . 4 3 6 20 . 3 10 Tactical Retreats 7 | . . . 1 . . . 6 Traps | -11 -10 -10 -9 -9 -9 -8 -8 ------- Run | Jun Mat Min Mat Min Exi Min Mat Traps Triggered 3 | . . . . . . . 3 Indirectly . | . . . . . . . . Trap Hack Attempts . | . . . . . . . . Triggered . | . . . . . . . . Disarmed . | . . . . . . . . Reprogrammed . | . . . . . . . . Reused . | . . . . . . . . Traps Extracted . | . . . . . . . . Installed . | . . . . . . . . Triggered . | . . . . . . . . Machines | -11 -10 -10 -9 -9 -9 -8 -8 ---------- Run | Jun Mat Min Mat Min Exi Min Mat Machines Disabled 8 | . . . . 1 . 5 2 Max in Single Turn 4 | . . . . 1 . 4 1 Machines Repaired . | . . . . . . . . Machines Sabotaged . | . . . . . . . . Overloaded Fab Kills . | . . . . . . . . Hacking | -11 -10 -10 -9 -9 -9 -8 -8 --------- Run | Jun Mat Min Mat Min Exi Min Mat Machines Accessed 8 | . 1 . . . 2 . 5 Terminals 6 | . 1 . . . . . 5 Fabricators . | . . . . . . . . Repair Stations . | . . . . . . . . Recycling Units . | . . . . . . . . Scanalyzers . | . . . . . . . . Garrison Access . | . . . . . . . . Total Hacks 14 | . 4 . . . 2 . 8 Successful 10 | . 3 . . . 2 . 5 Failed 4 | . 1 . . . . . 3 Catastrophic . | . . . . . . . . Database Lockouts . | . . . . . . . . Manual 9 | . 3 . . . 1 . 5 Terminals 12 | . 4 . . . . . 8 Fabricators . | . . . . . . . . Repair Stations . | . . . . . . . . Recycling Units . | . . . . . . . . Scanalyzers . | . . . . . . . . Garrison Access . | . . . . . . . . Terminal Hacks 9 | . 3 . . . 2 . 4 Record 1 | . . . . . 1 . . Robot Analysis 2 | . 2 . . . . . . Prototype ID Bank 1 | . 1 . . . . . . Zone Layout 4 | . . . . . . . 4 EX-Prototype ID Bank 1 | . . . . . 1 . . Fabricator Hacks . | . . . . . . . . Repair Station Hacks . | . . . . . . . . Recycling Unit Hacks . | . . . . . . . . Scanalyzer . | . . . . . . . . Garrison Access Hacks . | . . . . . . . . Unauthorized Hacks 1 | . . . . . . . 1 Terminals 1 | . . . . . . . 1 Assimilate 1 | . . . . . . . 1 Fabricators . | . . . . . . . . Repair Stations . | . . . . . . . . Recycling Units . | . . . . . . . . Scanalyzers . | . . . . . . . . Garrison Access . | . . . . . . . . Data Cores Recovered . | . . . . . . . . Used . | . . . . . . . . Hacking Detections 4 | . 1 . . . . . 3 Full Trace Events . | . . . . . . . . Feedback Events . | . . . . . . . . Feedback Blocked . | . . . . . . . . Robot Schematics Acquired . | . . . . . . . . Robots Built . | . . . . . . . . Authchips . | . . . . . . . . Time . | . . . . . . . . Total Robot Build Rating . | . . . . . . . . Part Schematics Acquired . | . . . . . . . . Parts Built . | . . . . . . . . Authchips . | . . . . . . . . Time . | . . . . . . . . Total Part Build Rating . | . . . . . . . . Parts Repaired . | . . . . . . . . Time . | . . . . . . . . Parts Recycled . | . . . . . . . . Recycled Matter . | . . . . . . . . Retrieved Matter . | . . . . . . . . Retrieved Components . | . . . . . . . . Parts Scanalyzed . | . . . . . . . . Part Schematics Acquired . | . . . . . . . . Parts Damaged . | . . . . . . . . Bothacking | -11 -10 -10 -9 -9 -9 -8 -8 ------------ Run | Jun Mat Min Mat Min Exi Min Mat Used RIF Installer . | . . . . . . . . Robots Hacked 1 | . . . . . . . 1 Non-combat 1 | . . . . . . . 1 Combat . | . . . . . . . . Robot Hacks Applied 1 | . . . . . . . 1 no_distress 1 | . . . . . . . 1 Relay Couplers Released . | . . . . . . . . Fabnet Peak Effective % . | . . . . . . . . Robots Rewired . | . . . . . . . . Allies Hacked . | . . . . . . . . Hacks Repelled . | . . . . . . . . Allies | -11 -10 -10 -9 -9 -9 -8 -8 -------- Run | Jun Mat Min Mat Min Exi Min Mat Total Allies 5 | . . 1 . 4 . . . Largest Group 4 | . . 1 1 4 4 3 . Highest-Rated Group 71 | . . 31 31 71 71 40 . Highest-Rated Ally 31 | . . 31 31 31 31 16 . Total Orders . | . . . . . . . . Ally Attacks 31 | . . . . 7 . 24 . Total Damage 338 | . . . . 55 . 283 . Kills 3 | . . . . 2 . 1 . Allies Corrupted . | . . . . . . . . Allies Melted . | . . . . . . . . Intel | -11 -10 -10 -9 -9 -9 -8 -8 ------- Run | Jun Mat Min Mat Min Exi Min Mat Robot Analysis Total 2 | . 2 . . . . . . Derelict Logs Recovered 2 | . . 1 . 1 . . . Drone Launches . | . . . . . . . . Drone Recoveries . | . . . . . . . . Exploration | -11 -10 -10 -9 -9 -9 -8 -8 ------------- Run | Jun Mat Min Mat Min Exi Min Mat Turns Passed 6680 | 8 268 660 1503 883 381 735 2242 Spaces Moved 3953 | 7 123 385 677 531 234 444 1552 Core . | . . . . . . . . Treads 2919 | . 123 385 677 531 234 444 525 Legs 7 | 7 . . . . . . . Wheels . | . . . . . . . . Hover . | . . . . . . . . Flight 1027 | . . . . . . . 1027 Fastest Speed 32 | 120 160 160 160 160 160 160 32 Average Speed 131 | 120 160 160 160 160 160 160 88 Slowest Speed 240 | 120 160 160 160 160 160 160 240 Overloaded Moves . | . . . . . . . . Propulsion Burnouts . | . . . . . . . . Robots Hopped 13 | . . . . . . . 13 Cave-ins Triggered . | . . . . . . . . Exploration Rate (%) 69 | 3 46 97 74 92 59 95 91 Regions Visited 7 Branch Regions 4 Pre-discovered Areas 4 | . . 1 . 2 1 . . Known Exits Taken . | . . . . . . . . Unknown Exits Taken 7 | 1 1 1 1 1 1 1 . Scrap Searched 3 | . . 1 . 1 . 1 . Spaces Dug 15 | . . . . . . . 15 Terrain Destroyed 186 | . . . . 77 . 50 59 Melee 15 | . . . . . . . 15 Projectile . | . . . . . . . . AOE 171 | . . . . 77 . 50 44 Terrain Rammed . | . . . . . . . . Walls Destroyed . | . . . . . . . . Machines Disabled . | . . . . . . . . Actions | -11 -10 -10 -9 -9 -9 -8 -8 --------- Run | Jun Mat Min Mat Min Exi Min Mat Total 5005 | 6 154 408 889 554 242 458 2294 Wait 677 | . . 8 39 16 . 5 609 Move 3920 | 6 122 384 676 530 233 443 1526 Hop 13 | . . . . . . . 13 Pick Up 33 | . 2 1 14 . 3 1 12 Fast Attach 24 | . 1 1 8 . . 1 13 Attach 15 | . 2 . 4 . 2 . 7 Detach 6 | . . . . . . . 6 Swap 28 | . . . 12 2 1 . 13 Drop 47 | . 3 1 15 . 3 1 24 Fire 207 | . 23 13 116 6 . 6 43 Melee 23 | . . . . . . . 23 Ram . | . . . . . . . . Kick . | . . . . . . . . Crush 12 | . 1 . 5 . . 1 5 Escape Stasis . | . . . . . . . . Rewire . | . . . . . . . . Trap . | . . . . . . . . Miscellaneous . | . . . . . . . . Route ------- -11/Junkyard -10/Materials -10/Mines (discovered 2 exits: [*Mat x2]) -9/Materials (discovered 3 exits: *Mat x2 / [*Min]) -9/Mines (discovered 4 exits: *Mat x2 / *Exi / [*Zio]) -9/Exiles -8/Mines (discovered 2 exits: *Mat x2) -8/Materials (discovered 3 exits: [*Fac x3]) History --------- Turn | Location | Event 1 | -11/Junkyard | Discovered new exit (range 3) 9 | -11/Junkyard | Entered Materials 106 | -10/Materials | Discovered new exit (range 13) 277 | -10/Materials | Entered Mines 316 | -10/Mines | Build established: Mutant 343 | -10/Mines | Discovered new exit (range 15) 388 | -10/Mines | Learned location of Storage (-7) 692 | -10/Mines | Received a Mining Laser from a helpful Derelict 878 | -10/Mines | Discovered new exit (range 12) 937 | -10/Mines | Entered Materials 937 | -9/Materials | Accompanied by 1 ally 937 | -9/Materials | Evolved 2 slots: Utility x2 1762 | -9/Materials | Build established: Scavenger-Mutant 1812 | -9/Materials | Discovered new exit (range 8) 2162 | -9/Materials | Core integrity fell below 50% 2324 | -9/Materials | Discovered new exit (range 8) 2407 | -9/Materials | Discovered new exit (range 16) 2440 | -9/Materials | Entered Mines 2441 | -9/Mines | Assembled infested the area 2476 | -9/Mines | Destroyed 20 combat bots 2634 | -9/Mines | Assisted by bots powering up and referring to "LRC-V3" 2750 | -9/Mines | Build established: Mutant 2763 | -9/Mines | Discovered new exit (range 9) 2787 | -9/Mines | Learned location of Zion (-7) 3020 | -9/Mines | A Derelict revealed a hidden shortcut to a safe place 3067 | -9/Mines | Discovered new exit (range 6) 3104 | -9/Mines | Escorted by a lone wolf Derelict 3305 | -9/Mines | Deemed a non-threat by the Exiles lab entrance 3305 | -9/Mines | Discovered new exit (range 5) 3323 | -9/Mines | Entered Exiles 3323 | -9/Exiles | Accompanied by 4 allies 3363 | -9/Exiles | Met 8R-AWN 3391 | -9/Exiles | Met EX-HEX 3432 | -9/Exiles | Met EX-BIN 3451 | -9/Exiles | Aligned with FarCom system 3453 | -9/Exiles | Given EX-Vault access code 3491 | -9/Exiles | Opened EX-Vault 3508 | -9/Exiles | Found PSU Rigger 3515 | -9/Exiles | Found AWS/Autocannon 3518 | -9/Exiles | Found Cloak of Protection 3554 | -9/Exiles | Warned to stay clear of 0b10 Research branches 3599 | -9/Exiles | Met EX-DEC 3687 | -9/Exiles | Discovered new exit (range 10) 3704 | -9/Exiles | Stole three prototypes: Cloak of Protection, PSU Rigger, AWS/Autocannon 3704 | -9/Exiles | Entered Mines 3704 | -8/Mines | Accompanied by 3 allies 3714 | -8/Mines | Discovered new exit (range 15) 3980 | -8/Mines | Discovered new exit (range 7) 4439 | -8/Mines | Entered Materials 4439 | -8/Materials | Evolved 2 slots: Utility x2 4868 | -8/Materials | Discovered new exit (range 4) 5012 | -8/Materials | Build established: Scavenger-Mutant 5121 | -8/Materials | Discovered new exit (range 5) 6055 | -8/Materials | Lost 4 parts (2n2u) 6222 | -8/Materials | Discovered new exit (range 16) 6514 | -8/Materials | Core integrity fell below 50% 6681 | -8/Materials | Self-destructed Last Messages --------------- 06475_ Triggered Shock Trap. 06475_ The floor emits a surge of raw power. 06475_ System corrupted (+2). 06477_ Reaction Control System destroyed. 06477_ Knocked back. 06502_ Connecting with Terminal... >>Layout(Zone) Retrieving Zone 1U layout... Downloaded map data. 06502_ Connecting with Terminal... 06505_ Critical hit (Burn: +37). 06536_ W-25 Informer sends out distress signal. 06536_ K-01 Serf cleans the Terminal. 06537_ System corrupted: Matter fused (-5). 06545_ K-01 Serf cleans the Nuclear Reactor. 06599_ System corrupted: Matter fused (-5). 06616_ K-01 Serf cleans the Processing Tank. 06631_ Acquired 44 matter. 06665_ K-01 Serf cleans the Terminal. 06674_ System corrupted: Matter fused (-5). Map ----- +----------------------------------------------------+ | | | ?????????????????????????????????? | | ?????????????????????????????????? | | ????????????##########???????????? | | ############# #???????????? | | ! |=[+ """ #??#######??? | | #############* """ #??# ??? | | ????????????# """ #### """""??? | | ????????????# # # """""??? | | ????????????# "" =# # """""??? | | ????????????# "T Y + """""??? | | ????????????# "" [ # # """""??? | | ????????????# # # """""??? | | ????????????#########" # """""??? | | ????????############## # ??? | | ????????# ## #######??? | | ????????# ## #????????? | | ????????# ## ##???????? | | ????????# """ """ # #???????? | | ????????# """ """ + #???????? | | ????????# """ """ # #???????? | | ????????# # #???????? | | ????????###+########## ########?? | | ??????????# #???# # # #?? | | ??????????# #???# + + #?? | | ???????####+##### # #@ """ #?? | | ???????# #????# #! Y" #?? | | ???????# ]#????# # """ #?? | | ???????# #????# # #?? | | ???????# """ ###### ########?? | | ???????# """"" + #????????? | | ???????# """"" # #????????? | | ???????# """"" *## ### ##????????? | | ???????# """ ##+###+####??????? | | ???????# ? # #??????? | | ###??????######## #??????? | | #???????????# #??????? | | """#???????????# #??????? | | """#???????????# [% #??????? | | """#???????????# = #??????? | | """#???????????# % #??????? | | #???????????# = #??????? | | #+#################### # ##??????? | | = #??????? | | < #??????? | | #??????? | | ##+######+######+#######???? | | ## ## # ! #???? | | ! ## ## # #???? | | #!!!!### ## """ # """ """ #???? | +----------------------------------------------------+ Best States ------------- Heat Dissipation 38 Energy Generation 14 Energy Capacity 250 Matter Stores 300 Matter Capacity 300 Sight Range 16 Terrain Scan Density 10 Additional Mass Support 9 Armor Coverage 375 Propulsion Shielding 66 Evasion (%) 71 Targeting Accuracy 16 Recoil Reduction 2 Defensive Hacking 10 Item Schematics ----------------- None Robot Schematics ------------------ None Fabricated ------------ Nothing Alien Tech Used ----------------- None Achievements -------------- None Challenges ------------ None Game ------ Seed DerelictSigixThermoblaster Manual? 0 Play Time 00:41:19 Cumulative 416.6 hours Start 2023.04.27 @ 21:56:08 End 2023.04.27 @ 23:13:06 Sessions 1 Manual Loads 0 Difficulty Rogue Special Mode None Game No. 453 Rogue 453 Adventurer 0 Explorer 0 Win Type - Total 12 Types 8/0/3/1/0/0/0/0/0 Lore% 82 Gallery% 90 Achievement% 80 Wizard Run 0 Options --------- ASCII 0 Keyboard 0 Movement Numpad Keybinds 0 Fullscreen 1 Font 18/Terminus Map View 76x50 Tactical HUD 1 Map Filters NONE Filters NONE Steam 1 RUN: 9f5e49f4-d7d2-4e71-9065-4297df4d7e6d